 Dungeon Crawl Stone Soup version 0.22.1-1-ga44c0e5 (webtiles) character file.

602 Fang the Chopper (level 7, -3/66 HPs)
             Began as a Gargoyle Berserker on Oct 23, 2018.
             Was a Believer of Trog.
             Slain by a phantom (5 damage)
             ... on level 4 of the Dungeon.
             The game lasted 00:03:50 (4039 turns).

Fang the Chopper (Gargoyle Berserker)               Turns: 4039, Time: 00:03:51

Health: -3/66      AC: 10    Str: 27    XL:     7   Next: 41%
Magic:  7/7        EV: 13    Int:  8    God:    Trog [**....]
Gold:   199        SH:  0    Dex:  9    Spells: 6/6 levels left

rFire    . . .     SeeInvis .   a - +0 hand axe
rCold    . . .     Gourm    .   (no shield)
rNeg     + . .     Faith    .   b - +0 animal skin
rPois    ∞         Spirit   .   (no helmet)
rElec    +         Reflect  .   f - +2 cloak
rCorr    .         Harm     .   (no gloves)
MR       .....                  (no boots)
Stlth    ..........             (no amulet)
HPRegen  0.21/turn              m - ring of wizardry
MPRegen  0.10/turn              (no ring)

@: berserking, very quick
A: negative energy resistance 1, electricity resistance, unbreathing,
petrification resistance, rot immunity, AC +4
a: Berserk, Trog's Hand, Renounce Religion


You were on level 4 of the Dungeon.
You worshipped Trog.
Trog was pleased with you.
You were very hungry.

You visited 1 branch of the dungeon, and saw 4 of its levels.

You collected 199 gold pieces.

Inventory:

Hand Weapons
 a - a +0 hand axe (weapon)
Armour
 b - a +0 animal skin (worn)
 f - a +2 cloak (worn)
Jewellery
 m - a ring of wizardry (left hand)
 r - an uncursed amulet of magic regeneration {unknown}
Wands
 q - a wand of random effects (17)
Scrolls
 e - 3 scrolls of remove curse {unknown}
 g - 2 scrolls of enchant armour {unknown}
 h - a scroll of magic mapping {unknown}
 j - 2 scrolls of fear {unknown}
 l - 2 scrolls of fog {unknown}
 p - 2 scrolls of teleportation {unknown}
 s - 2 scrolls of identify {unknown}
Potions
 d - 3 potions of heal wounds {unknown}
 i - a potion of might {unknown}
 k - a potion of agility {unknown}
 n - 2 potions of lignification {unknown}
 o - 2 potions of curing {unknown}
Comestibles
 c - 5 rations


   Skills:
 + Level 4.9 Fighting
 + Level 5.4 Axes
 + Level 2.5 Armour
 + Level 3.9 Dodging
 + Level 1.2 Stealth


You had 6 spell levels left.
You didn't know any spells.
Your spell library was empty.

Dungeon Overview and Level Annotations

Branches:
Dungeon (4/15)
 Temple: D:4-7

Altars:
Ashenzari


Innate Abilities, Weirdness & Mutations

You are resistant to torment.
Your stone body is resilient. (AC +4)
You are immune to poison.
You resist negative energy. (rN+)
You are resistant to electric shocks. (rElec)
You can survive without breathing.
You are immune to petrification.
You are immune to rotting.


Message History

* * * LOW HITPOINT WARNING * * *
You hit the phantom but do no damage.
The phantom is heavily damaged.
The phantom hits you but does no damage.
The phantom blinks!
You see here a leather armour.
You see here a leather armour.
The phantom hits you!
* * * LOW HITPOINT WARNING * * *
A red film seems to cover your vision as you go berserk!
You feel yourself moving faster!
You feel mighty!
You are feeling very hungry.
The phantom hits you but does no damage.
You slash the phantom!
The phantom is severely damaged.
The phantom misses you.
You completely miss the phantom.
The phantom is severely damaged.
The phantom hits you.
You die...

.###.# #.# .#
#.# #.# .#
#.#
#.##########
.# #.#
#...†.W....#
.# #.#
##########[#
.###.#
###.###
...#.#
#.....#
##.#.#
######W#.#.#
#.#.#
#.....@..#.#
#.#.#
#.####.###.#
#.#.# #... .#
#.#.# #######
##.#.#### #
........###.#
#####.......#
#...#####
#...#


You could see a phantom.

Vanquished Creatures
  Edmund (D:4)
  2 ogres (D:4)
  A scorpion (D:4)
  A jelly (D:3)
  A hound (D:4)
  An iguana (D:4)
  2 worker ants (D:4)
  4 adders
  A howler monkey skeleton (D:2)
  An adder zombie (D:4)
  2 worms
  A dart slug (D:1)
  3 leopard geckos
  2 orcs (D:3)
  3 giant cockroaches
  12 goblins
  5 hobgoblins
  2 jackals (D:2)
  A quokka (D:2)
  2 ball pythons
  6 bats
  4 frilled lizards
  8 kobolds
  A leopard gecko skeleton (D:4)
  A quokka skeleton (D:4)
  5 rats
73 creatures vanquished.

Notes
Turn   | Place    | Note
-------+----------+-------------------------------------------
     0 | D:1      | Fang the Gargoyle Berserker began the quest for the Orb.
     0 | D:1      | Reached XP level 1. HP: 14/14 MP: 1/1
    67 | D:1      | Reached XP level 2. HP: 10/19 MP: 2/2
   121 | D:1      | Reached skill level 3 in Axes
   867 | D:2      | Reached XP level 3. HP: 24/24 MP: 3/3
  1118 | D:2      | Reached ** piety under Trog
  1174 | D:2      | Found a shattered altar of Ashenzari.
  1603 | D:2      | Reached XP level 4. HP: 25/29 MP: 4/4
  2310 | D:3      | Reached XP level 5. HP: 33/33 MP: 5/5
  2528 | D:4      | Noticed an ogre
  2537 | D:4      | Killed an ogre
  2537 | D:4      | Reached skill level 4 in Axes
  2761 | D:4      | Reached XP level 6. HP: 28/39 MP: 6/6
  3654 | D:4      | Reached skill level 5 in Axes
  3654 | D:4      | Reached XP level 7. HP: 35/44 MP: 7/7
  3802 | D:4      | Noticed Edmund
  3823 | D:4      | Killed Edmund
  3823 | D:4      | Reached skill level 1 in Stealth
  4036 | D:4      | HP: 1/44 [phantom (7)]
  4039 | D:4      | Slain by a phantom

Skill      XL: |  1  2  3  4  5  6  7 |
---------------+----------------------+-----
Axes           | 3 4 5 |  5.4
Fighting       | 4 |  4.9
Dodging        | 2 3 |  3.9
Stealth        | 1 |  1.2
Armour         | |  2.5

Action                   |  1- 3 |  4- 6 |  7- 9 || total
-------------------------+-------+-------+-------++-------
Melee: Hand axe          |   149 |   191 |    58 ||   398
Invok: Berserk           |       |     4 |     2 ||     6
 Stab: Sleeping          |       |     1 |       ||     1
  Eat: Chunk             |     2 |     5 |     1 ||     8
       Ration            |       |     2 |       ||     2
Armor: Animal skin       |    81 |    82 |    21 ||   184
Dodge: Dodged            |   139 |   142 |    19 ||   300
